 Dungeon Crawl Stone Soup version 0.29-a0-416-g83a48905f1 (webtiles) character file.

Game seed: 780658089869398928

8634 happo123 the Grappler (level 11, -4/104 HPs)
             Began as a Troll Berserker on May 16, 2022.
             Was a High Priest of Trog.
             Slain by a vampire
             ... wielding a +0 broad axe
              (10 damage)
             ... on level 8 of the Dungeon.
             The game lasted 00:24:49 (5997 turns).

happo123 the Grappler (Troll Berserker)             Turns: 5997, Time: 00:24:50

Health: -4/104     AC: 12    Str: 37    XL:     11   Next: 12%
Magic:  10/10      EV: 11    Int:  3    God:    Trog [*****.]
Gold:   307        SH:  5    Dex:  9    Spells: 10/10 levels left

rFire   . . .      SeeInvis .     - Unarmed
rCold   . . .      Faith    .   (no shield)
rNeg    . . .      Spirit   .   a - +0 troll leather armour
rPois   .          Reflect  +   (helmet restricted)
rElec   .          Harm     .   (no cloak)
rCorr   .          Rampage  .   (gloves unavailable)
Will    .....                   (boots unavailable)
Stlth   ++........              v - amulet of reflection
HPRegen 1.87/turn               b - +6 ring of strength
MPRegen 0.12/turn               r - +4 ring of protection

@: no status effects
A: large, unfitting armour, claws 3, regeneration 1, shaggy fur 1, tough skin 1,
horns 1, iridescent scales 1, screaming 1, evolution 1
a: Renounce Religion, Berserk, Trog's Hand, Brothers in Arms


You were on level 8 of the Dungeon.
You worshipped Trog.
Trog was extremely pleased with you.
You visited 1 branch of the dungeon, and saw 8 of its levels.

You collected 489 gold pieces.
You spent 182 gold pieces at shops.

Inventory:

Hand Weapons
 x - a +2 war axe of freezing
 D - a +3 battleaxe
Armour
 a - a +0 troll leather armour (worn)
 A - +0 steam dragon scales
Jewellery
 b - a +6 ring of strength (left claw)
 n - a +4 ring of slaying
 r - a +4 ring of protection (right claw)
 u - a ring of positive energy
 v - an amulet of reflection (around neck)
Wands
 y - a wand of paralysis (19)
 B - a wand of flame (29)
 E - a wand of mindburst (20)
 I - a wand of polymorph (2)
Scrolls
 d - 4 scrolls of immolation
 g - 5 scrolls of fear
 h - a scroll of identify
 i - 2 scrolls of poison {unknown}
 j - 2 scrolls of vulnerability {unknown}
 m - a scroll of enchant weapon {unknown}
 o - 3 scrolls of teleportation {unknown}
 q - 2 scrolls of fog {unknown}
 w - a scroll of summoning {unknown}
 C - a scroll of amnesia {unknown}
 F - a scroll of silence {unknown}
 G - 2 scrolls of blinking {unknown}
Potions
 c - 4 potions of flight
 e - 7 potions of curing
 f - 2 potions of attraction {unknown}
 k - 3 potions of berserk rage {unknown}
 l - a potion of might {unknown}
 p - 7 potions of heal wounds
 s - 4 potions of brilliance
 t - 3 potions of haste {unknown}
 z - a potion of experience {unknown}
 H - a potion of lignification {unknown}
 J - a potion of resistance {unknown}


   Skills:
 + Level 5.6 Fighting
 + Level 6.5 Axes
 + Level 2.9 Armour
 + Level 6.6 Dodging
 + Level 2.2 Stealth
 + Level 3.2 Shields
 + Level 10.7 Unarmed Combat


You had 10 spell levels left.
You didn't know any spells.
Your spell library was empty.

Dungeon Overview and Level Annotations

Branches:
Dungeon (8/15)             Temple (0/1) D:7
   Lair: D:8-11

Altars:
Vehumet

Shops:
D:8 !


Innate Abilities, Weirdness & Mutations

You are too large for most types of armour.
You have claws for hands.
Your natural rate of healing is unusually fast.
You are covered in fur. (AC +1)
You have tough skin. (AC +1)
You have a pair of small horns on your head.
You are partially covered in iridescent scales. (AC +2)
You occasionally shout uncontrollably at your foes.
You have hidden genetic potential.


Message History

You closely miss something. Something hits you but does no damage.
Something bites you but does no damage.
You barely miss something. Your claw misses something. Something hits you.
You block something's attack.
You miss something. Something hits you! Something bites you but does no damage.
You barely miss something. Your headbutt misses something. Something hits you.
Something bites you.
Something draws strength from your injuries!
Something hits you. You block something's attack.
You barely miss something. Something hits you!
* * * LOW HITPOINT WARNING * * *
Something bites you.
* * * LOW HITPOINT WARNING * * *
Something draws strength from your injuries!
You hit something but do no damage. Your headbutt misses something.
Your claw misses something. Something hits you but does no damage.
Something bites you but does no damage.
You slash something! You headbutt something. You claw something.
Something hits you but does no damage. Something bites you.
* * * LOW HITPOINT WARNING * * *
Something draws strength from your injuries!
You miss something. Something hits you but does no damage. Something bites you.
* * * LOW HITPOINT WARNING * * *
Something draws strength from your injuries!
You slash something! You freeze something. Your headbutt misses something.
Something hits you.
* * * LOW HITPOINT WARNING * * *
Something bites you but does no damage.
Your +2 war axe of freezing stops glowing.
You are now empty-clawed.
Something hits you.
* * * LOW HITPOINT WARNING * * *
Something bites you but does no damage.
You barely miss something. Your headbutt misses something.
You closely miss something. You headbutt something. Something hits you!
* * * LOW HITPOINT WARNING * * *
Something bites you but does no damage.
You barely miss something. Your headbutt misses something. Something hits you.
* * * LOW HITPOINT WARNING * * *
Something bites you!
You die...

#...##.#
#.....
######.#
####....
##########.#
........
#..........#
........
#.##########
.....#####.#
...##....#
#{##.##.#
#@.#.##.#
##>..##.#
########


There were no monsters in sight!

Vanquished Creatures
  A boulder beetle (D:8)
  A two-headed ogre (D:6)
  A centaur warrior (D:8)
  A cyclops (D:8)
  An ugly thing (D:8)
  A troll (D:6)
  8 yaks (D:8)
  4 steam dragons
  An acid dragon (D:8)
  A water moccasin (D:7)
  5 orc warriors
  A sky beast (D:7)
  5 ice beasts
  A black bear (D:6)
  3 centaurs
  2 ogres (D:4)
  3 kobold brigands
  4 bullfrogs
  A phantom (D:2)
  A gnoll sergeant (D:8)
  6 scorpions
  10 wights
  6 killer bees
  3 howler monkeys
  3 hounds
  A gnoll shaman (D:6)
  An orc priest (D:8)
  2 iguanas
  Ijyb (D:5)
  Terence (D:2)
  5 orc wizards
  9 gnolls
  2 adders
  2 shadow imps
  7 white imps
  An ufetubus (D:7)
  2 worms
  5 dart slugs
  26 orcs
  3 endoplasms
  A giant cockroach (D:4)
  3 goblins
  5 hobgoblins
  5 jackals (D:4)
  3 quokkas (D:1)
  2 ball pythons
  7 bats
  4 frilled lizards
  23 kobolds
  2 rats
197 creatures vanquished.

Vanquished Creatures (others)
  4 plants (D:1)
  4 withered plants (D:1)
8 creatures vanquished.

Grand Total: 205 creatures vanquished

Notes
Turn   | Place    | Note
-------+----------+-------------------------------------------
     0 | D:1      | happo123 the Troll Berserker began the quest for the Orb.
     0 | D:1      | Reached XP level 1. HP: 22/22 MP: 0/0
   215 | D:1      | Reached XP level 2. HP: 29/29 MP: 1/1
   699 | D:1      | Found a faded altar of an unknown god.
   929 | D:2      | Reached XP level 3. HP: 34/36 MP: 2/2
   929 | D:2      | Reached ** piety under Trog
  1083 | D:2      | Noticed a phantom
  1088 | D:2      | Killed a phantom
  1089 | D:2      | Reached skill level 4 in Unarmed Combat
  1089 | D:2      | Reached XP level 4. HP: 45/45 MP: 3/3
  1355 | D:2      | Noticed Terence
  1361 | D:2      | Killed Terence
  1982 | D:3      | Reached XP level 5. HP: 53/53 MP: 4/4
  2074 | D:3      | Found a radiant altar of Vehumet.
  2414 | D:4      | Noticed an ogre
  2418 | D:4      | Killed an ogre
  2467 | D:4      | Noticed an ogre
  2473 | D:4      | Killed an ogre
  2474 | D:4      | Reached skill level 1 in Stealth
  2474 | D:4      | Reached skill level 5 in Unarmed Combat
  2474 | D:4      | Reached XP level 6. HP: 39/61 MP: 5/5
  3231 | D:5      | Entered Level 5 of the Dungeon
  3237 | D:5      | Reached skill level 6 in Unarmed Combat
  3237 | D:5      | Reached XP level 7. HP: 67/67 MP: 6/6
  3450 | D:5      | Noticed Ijyb
  3454 | D:5      | Paralysed by Ijyb for 3 turns
  3459 | D:5      | Killed Ijyb
  3459 | D:5      | Reached *** piety under Trog
  3618 | D:6      | Reached skill level 7 in Unarmed Combat
  3724 | D:6      | Noticed a steam dragon
  3731 | D:6      | Killed a steam dragon
  3732 | D:6      | Reached XP level 8. HP: 75/75 MP: 7/7
  3772 | D:6      | Reached skill level 1 in Axes
  3795 | D:6      | Noticed a two-headed ogre
  3808 | D:6      | Killed a two-headed ogre
  3809 | D:6      | Reached skill level 8 in Unarmed Combat
  3820 | D:6      | Reached skill level 5 in Dodging
  3933 | D:6      | Reached XP level 9. HP: 51/84 MP: 8/8
  4183 | D:6      | Noticed a troll
  4200 | D:6      | Killed a troll
  4201 | D:6      | Reached skill level 1 in Shields
  4744 | D:7      | Found a staircase to the Ecumenical Temple.
  4817 | D:7      | Reached **** piety under Trog
  4882 | D:7      | Reached skill level 5 in Axes
  4888 | D:7      | Reached skill level 1 in Armour
  4940 | D:7      | Reached skill level 9 in Unarmed Combat
  5128 | D:7      | Reached skill level 5 in Fighting
  5128 | D:7      | Reached XP level 10. HP: 96/96 MP: 9/9
  5524 | D:8      | Found Billac's Distillery.
  5541 | D:8      | Bought a potion of curing for 39 gold pieces
  5541 | D:8      | Bought a potion of mutation for 104 gold pieces
  5541 | D:8      | Bought a potion of flight for 39 gold pieces
  5541 | D:8      | Gained mutation: You occasionally shout uncontrollably at
                  | your foes. [potion of mutation]
  5541 | D:8      | Gained mutation: Your body sometimes deteriorates upon
                  | taking damage. [potion of mutation]
  5541 | D:8      | Gained mutation: You are clumsy. (Dex -2) [potion of
                  | mutation]
  5542 | D:8      | Lost mutation: Your body sometimes deteriorates upon taking
                  | damage. [potion of mutation]
  5542 | D:8      | Lost mutation: You are clumsy. (Dex -2) [potion of
                  | mutation]
  5542 | D:8      | Gained mutation: You are partially covered in iridescent
                  | scales. (AC +2) [potion of mutation]
  5542 | D:8      | Gained mutation: You have hidden genetic potential. [potion
                  | of mutation]
  5608 | D:8      | Noticed a boulder beetle
  5635 | D:8      | Killed a boulder beetle
  5686 | D:8      | Found a runed translucent door.
  5705 | D:8      | Reached skill level 10 in Unarmed Combat
  5707 | D:8      | Reached ***** piety under Trog
  5731 | D:8      | Noticed a cyclops
  5731 | D:8      | Noticed a red ugly thing
  5740 | D:8      | Killed a red ugly thing
  5746 | D:8      | Killed a cyclops
  5764 | D:8      | Noticed a centaur warrior
  5775 | D:8      | Killed a centaur warrior
  5776 | D:8      | Reached XP level 11. HP: 100/104 MP: 10/10
  5798 | D:8      | Found a runed translucent door.
  5812 | D:8      | Gained mutation: You have a pair of small horns on your
                  | head. [hidden potential]
  5997 | D:8      | Slain by a vampire

Illustrated notes

Levels and vault maps discovered:
D:1:      dpeg_arrival_central, layout_loops_ring,
          shapermc_ecumenical_altar_flowoftime, minmay_misc_feat_rows,
          minmay_tetromino_s4
D:2:      layout_loops_ring, nrook_uturn, glass_columns_a, uniq_terence
D:3:      layout_loops_corners, lemuel_coloured_pillars_altar
D:4:      layout_gridville
D:5:      layout_rooms, uniq_ijyb
D:6:      layout_gridville, chequers_serial_rivers_room_b
D:7:      kennysheep_six_static_rooms, layout_loops_cross, temple_doors_e
D:8:      cheibrodos_histonic, layout_basic, serial_shops,
          nicolae_shop_temple_entry_statues_fountains,
          hellmonk_guarded_unrand_night

Skill      XL: |  1  2  3  4  5  6  7  8  9 10 |
---------------+-------------------------------+-----
Fighting       | 3 4 5 |  5.6
Dodging        | 3 4 5 6 |  6.6
Unarmed Combat | 4 5 6 7 8 9 10 | 10.7
Stealth        | 1 2 |  2.2
Axes           | 3 5 6 |  6.5
Shields        | 1 3 |  3.2
Armour         | 1 2 |  2.9

Action                   |  1- 3 |  4- 6 |  7- 9 | 10-12 || total
-------------------------+-------+-------+-------+-------++-------
Melee: Unarmed           |    64 |   114 |   145 |   104 ||   427
       Punch             |     1 |     2 |     7 |    12 ||    22
       War axe           |       |       |    37 |    50 ||    87
       Headbutt          |       |       |       |     6 ||     6
Invok: Berserk           |     1 |     1 |     3 |     2 ||     7
  Use: Scroll            |       |       |       |     4 ||     4
       Potion            |       |       |       |     2 ||     2
 Stab: Sleeping          |     2 |     1 |     1 |       ||     4
Armor: Animal skin       |    24 |    57 |    10 |       ||    91
       Steam dragon scal |       |       |    24 |       ||    24
       Troll leather arm |       |       |    51 |    68 ||   119
Dodge: Dodged            |    39 |    57 |    93 |    59 ||   248
Block: Other             |       |       |    34 |    31 ||    65
       Reflection        |       |       |     1 |     1 ||     2

Table legend: (Time is in decaauts)
 A = Elapsed time spent in this place.
 B = Non-inter-level travel time spent in this place.
 C = Inter-level travel time spent in this place.
 D = Time resting spent in this place.
 E = Time spent auto-exploring this place.
 F = Levels seen in this place.
 G = Mean time per level.
                   A        B        C        D        E       F      G
               +--------+--------+--------+--------+--------+-----+--------+
         Total |   6020 |   5331 |    689 |      0 |   4108 |   8 |  752.5 |
       Dungeon |   6020 |   5331 |    689 |      0 |   4108 |   8 |  752.5 |
               +--------+--------+--------+--------+--------+-----+--------+

Top non-repeatable levels by time:
     D:6: 1114 daAuts
     D:4: 904 daAuts
     D:3: 871 daAuts
     D:1: 834 daAuts
     D:7: 783 daAuts
     D:2: 626 daAuts
     D:8: 537 daAuts
     D:5: 348 daAuts
